 Dungeon Crawl Stone Soup version 0.29.1-1-gd02db6906a (webtiles) character file.

Game seed: 11403055954518200517

5706 xian the Carver (level 10, -10/88 HPs)
             Began as a Ghoul Chaos Knight on Oct 16, 2022.
             Was a Plaything of Xom.
             Mangled by an orc warlord
             ... wielding a +4 battleaxe
              (28 damage)
             ... in a bailey on Oct 17, 2022.
             The game lasted 00:32:55 (8897 turns).

xian the Carver (Ghoul Chaos Knight)                Turns: 8897, Time: 00:32:55

Health: -10/88     AC: 18    Str: 24 (26) XL:     10   Next: 76%
Magic:  9/9        EV:  3    Int:  8 (11) God:    Xom [...*..]
Gold:   536        SH: 11    Dex:  6 (10) Spells: 9/9 levels left

rFire   + + .      SeeInvis .   k - +9 demon blade of the Foremost Cities {venom, rF+ Str+5}
rCold   + . .      Faith    .   O - +2 tower shield
rNeg    + + +      Spirit   .   u - +0 plate armour
rPois   ∞          Reflect  .   (no helmet)
rElec   .          Harm     .   c - +1 cloak
rCorr   .          Rampage  .   (no gloves)
Will    .....                   p - +2 pair of boots
Stlth   ..........              f - amulet "Zofruogu" {RegenMP Int+4 Dex+2 Slay+2}
HPRegen 0.00/turn               F - ring of protection from fire
MPRegen 0.51/turn               (no ring)

@: inhibited regen
A: claws 1, cold resistance 1, negative energy resistance 3, inhibited
regeneration, torment resistance 2, devour on kill
a: Renounce Religion


You were in a bailey.
You worshipped Xom.
You were a favourite toy of Xom.
You visited 1 branch of the dungeon, and saw 8 of its levels.
You also visited: Ossuary and Bailey.

You collected 536 gold pieces.

Inventory:

Hand Weapons
 k - the +9 demon blade of the Foremost Cities (weapon) {venom, rF+ Str+5}
   (You found it on level 2 of the Dungeon)

   It poisons the flesh of those it strikes.
   Str:       It affects your strength (+5).
   rF:        It protects you from fire.
Missiles
 B - a boomerang
 G - 11 poisoned darts (quivered)
Armour
 a - a +2 leather armour
 c - a +1 cloak (worn)
 g - the +1 robe of the Nexus {rCorr Str+2 Stlth+}
   (You found it on level 6 of the Dungeon)

   Str:       It affects your strength (+2).
   rCorr:     It protects you from acid and corrosion.
   Stlth:     It makes you more stealthy.
 p - a +2 pair of boots (worn)
 u - a +0 plate armour (worn)
 O - a +2 tower shield (worn)
Jewellery
 f - the amulet "Zofruogu" (around neck) {RegenMP Int+4 Dex+2 Slay+2}
   (You acquired it in a bailey)

   [amulet of magic regeneration]

   It increases your rate of magic regeneration.
   Int:       It affects your intelligence (+4).
   Dex:       It affects your dexterity (+2).
   Slay:      It affects your accuracy & damage with ranged weapons and melee
   (+2).
 C - an amulet of the acrobat
 F - a ring of protection from fire (left claw)
Wands
 q - a wand of polymorph (3)
 t - a wand of iceblast (6)
 A - a wand of flame (11)
 D - a wand of light (14)
 H - a wand of charming (8)
 N - a wand of digging (2)
Scrolls
 e - 3 scrolls of vulnerability
 h - a scroll of enchant armour
 i - a scroll of teleportation
 j - a scroll of amnesia
 l - 2 scrolls of fog
 r - a scroll of poison
 y - 2 scrolls of immolation
Potions
 d - 3 potions of curing
 n - 8 potions of lignification
 o - 4 potions of flight
 s - 3 potions of mutation
 v - a potion of cancellation {unknown}
 w - a potion of might {unknown}
 x - 2 potions of degeneration
 z - a potion of ambrosia
Miscellaneous
 b - a piece from Xom's chessboard (15/15)


   Skills:
 + Level 8.1 Fighting
 + Level 10.4 Long Blades
 + Level 0.9 Throwing
 + Level 5.5 Armour
 + Level 3.4 Dodging
 + Level 3.4 Stealth
 + Level 2.1 Shields
 + Level 4.3 Unarmed Combat


You had 9 spell levels left.
You didn't know any spells.
Your spell library contained the following spells:

 Spells                   Type           Power      Damage    Failure   Level
 Magic Dart               Conj           0%         1d3       100%        1
 Summon Small Mammal      Summ           0%         N/A       100%        1
 Blink                    Tloc           0%         N/A       100%        2
 Call Imp                 Summ           0%         N/A       100%        2
 Scorch                   Fire           0%         2d5       100%        2
 Searing Ray              Conj           0%         2d4       100%        2
 Call Canine Familiar     Summ           0%         N/A       100%        3
 Lesser Beckoning         Tloc           0%         N/A       100%        3
 Mephitic Cloud           Conj/Pois/Air  0%         N/A       100%        3
 Ozocubu's Armour         Ice            0%         N/A       100%        3
 Summon Guardian Golem    Hex/Summ       0%         N/A       100%        3
 Cause Fear               Hex            0%         N/A       100%        4
 Flame Wave               Conj/Fire      0%         2d4       100%        4
 Fulminant Prism          Conj/Hex       0%         3d6       100%        4
 Manifold Assault         Tloc           0%         N/A       100%        5
 Summon Cactus Giant      Summ           0%         N/A       100%        6
 Ozocubu's Refrigeration  Ice            0%         4d7       100%        7
 Dragon's Call            Summ           0%         N/A       100%        9
 Dragon Form              Tmut           Unusable   N/A       N/A         7

Dungeon Overview and Level Annotations

Branches:
Dungeon (8/15)             Temple (0/1) D:4         Ossuary (visited)
 Bailey (1/1)
   Lair: D:8-11

Altars:
Nemelex Xobeh
Okawaru
Sif Muna
Uskayaw
Xom

Shops:
D:6 [[


Innate Abilities, Weirdness & Mutations

You are immune to poison.
You have sharp fingernails.
Your flesh is cold resistant. (rC+)
You are immune to negative energy. (rN+++)
You do not regenerate when monsters are visible.
You are immune to unholy pain and torment.
You thrive by killing the living.


Message History

Really walk into that cloud of seething chaos?
Okay, then.
The orc warlord hits you with a +4 battleaxe!!
You feel much better.
You are engulfed in seething chaos.
Aiming: Bolt of Light
Press: ? - help, Shift-Dir - straight line, f/p - orc warlord
Aim: an orc warlord, wielding a +4 battleaxe and wearing a +0 chain mail (seething chaos, lightly wounded, slow, 79% to hit)
The bolt of light hits the orc warlord.
The orc warlord is moderately wounded.
The orc warlord is blinded.
You are engulfed in seething chaos.
The orc warlord is engulfed in seething chaos.
The orc warlord seems to slow down.
You slash the orc warlord!
The orc warlord is poisoned.
The orc warlord is moderately wounded.
The orc warlord hits you with a +4 battleaxe!
You hit the orc warlord.
The orc warlord is moderately wounded.
You block the orc warlord's attack.
You slash the orc warlord!
The orc warlord looks as sick as possible!
The orc warlord is heavily wounded.
The orc warlord is no longer blind.
The orc warlord hits you with a +4 battleaxe!!
Aiming: Bolt of Light
Press: ? - help, Shift-Dir - straight line, f/p - orc warlord
Aim: an orc warlord, wielding a +4 battleaxe and wearing a +0 chain mail (heavily wounded, extremely poisoned, slow, 79% to hit)
The bolt of light hits the orc warlord!
The orc warlord is heavily wounded.
The orc warlord is blinded.
Aiming: Bolt of Light
Press: ? - help, Shift-Dir - straight line, f/p - orc warlord
Aim: an orc warlord, wielding a +4 battleaxe and wearing a +0 chain mail (severely wounded, blind, extremely poisoned, slow, 79% to hit)
The bolt of light hits the orc warlord!
The orc warlord is severely wounded.
The orc warlord hits you with a +4 battleaxe!!
* * * LOW HITPOINT WARNING * * *
You feel better.
The orc warlord hits you with a +4 battleaxe!!
You die...
Xom giggles madly!

..8##..........#...........#.....
..###.........###.........##.....
###.###.....###.###.)...###♣♣....
#.....###.###.....#)#.### ♣♣♣♣.
.)(.....###.........### ♣♣
....(....#...........#
...).)...#...........#
...)...).#)....⌠.....#
.........)......@....#
.).......#).....o....#
...)....###.........## #.....###
###.....### ###.### ###.### ###
###


You could see an orc warlord (blind, very poisoned, slow).

Vanquished Creatures
  Grinder (D:6)
  A yak (D:4)
  A wraith (D:7)
  A wyvern (D:6)
  4 humans (D:7)
  A naga (D:7)
  A water moccasin (D:5)
  Duvessa (D:4)
  12 orc warriors (Bailey)
  A black bear (D:6)
  A sky beast (D:6)
  A black bear (shapeshifter) (D:8)
  An ogre (D:5)
  3 phantoms
  A kobold brigand (D:6)
  2 bullfrogs
  3 necrophages
  5 scorpions
  3 water moccasin zombies (Ossuary)
  10 wights
  Dowan (D:4)
  2 centaur zombies (Ossuary)
  A hound (D:5)
  A human zombie (Ossuary)
  2 jellies
  6 orc priests
  A gnoll bouda (D:5)
  Jessica (D:2)
  5 iguanas
  3 orc wizards
  An ogre zombie (Ossuary)
  5 gnolls (Bailey)
  7 adders
  A shadow imp (D:7)
  2 white imps
  3 ufetubi
  2 dart slugs
  26 orcs
  6 bats
  3 endoplasms
  5 giant cockroaches
  18 goblins
  11 hobgoblins
  5 jackals
  7 kobolds
  4 quokkas
  9 ball pythons
  3 frilled lizards
  2 goblin zombies (Ossuary)
  2 hobgoblin zombies (Ossuary)
  8 orc zombies (Ossuary)
  5 rats
212 creatures vanquished.

Vanquished Creatures (collateral kills)
  An orc warrior (Bailey)
  A water moccasin zombie (Ossuary)
  A scorpion zombie (Ossuary)
  An orc (Bailey)
  2 goblins (Bailey)
  2 hobgoblins (Bailey)
  A gnoll zombie (Ossuary)
9 creatures vanquished.

Vanquished Creatures (others)
  A dancing weapon (Bailey)
  A kobold (D:6)
2 creatures vanquished.

Grand Total: 223 creatures vanquished

Notes
Turn   | Place    | Note
-------+----------+-------------------------------------------
     0 | D:1      | xian the Ghoul Chaos Knight began the quest for the Orb.
     0 | D:1      | Reached XP level 1. HP: 19/19 MP: 0/0
    74 | D:1      | XOM: silly message
   278 | D:1      | Reached XP level 2. HP: 25/27 MP: 1/1
   428 | D:1      | XOM is BORED!
   428 | D:1      | XOM: silly message
   431 | D:1      | XOM: silly message
   605 | D:1      | Reached skill level 1 in Dodging
   691 | D:1      | Found a faded altar of an unknown god.
   992 | D:2      | XOM: divination: detect items
   994 | D:2      | XOM: silly message
  1051 | D:2      | Reached XP level 3. HP: 25/33 MP: 2/2
  1184 | D:2      | Identified the +9 demon blade of the Foremost Cities
                  | {venom, rF+ Str+5}
  1308 | D:2      | XOM: noise
  1427 | D:2      | Noticed Jessica
  1427 | D:2      | XOM: confusion (+ monsters)
  1449 | D:2      | Killed Jessica
  1450 | D:2      | Reached XP level 4. HP: 34/40 MP: 3/3
  1599 | D:2      | XOM is BORED!
  1599 | D:2      | XOM: stat loss: -1 Dex (7/8)
  2103 | D:3      | XOM: 2-stop teleportation journey
  2183 | D:3      | XOM: summons 1 hostile demon
  2186 | D:3      | Reached skill level 1 in Long Blades
  2193 | D:3      | Reached XP level 5. HP: 28/46 MP: 4/4
  2356 | D:3      | XOM: 1-stop teleportation journey
  2592 | D:3      | XOM: god gift: book of Scorching
  2781 | D:3      | XOM: god gift: 9 gold pieces
  2809 | D:3      | XOM: scenery: create altars
  2862 | D:4      | Noticed a phantom
  2864 | D:4      | XOM: polymorph endoplasm -> bat
  2874 | D:4      | Killed a phantom
  2875 | D:4      | Reached skill level 2 in Long Blades
  2875 | D:4      | Reached XP level 6. HP: 45/52 MP: 5/5
  2888 | D:4      | XOM: 4-stop teleportation journey
  2899 | D:4      | Reached skill level 3 in Long Blades
  2899 | D:4      | Reached skill level 1 in Stealth
  2900 | D:4      | Noticed a black bear
  2908 | D:4      | Noticed a yak
  2908 | D:4      | a black bear changed into a yak
  2908 | D:4      | XOM: polymorph black bear -> yak
  2912 | D:4      | Killed a yak
  2913 | D:4      | Reached XP level 7. HP: 49/60 MP: 6/6
  2921 | D:4      | Reached skill level 4 in Long Blades
  2977 | D:4      | Found a sand-covered staircase.
  2981 | Ossuary  | Entered an ossuary
  3156 | Ossuary  | XOM: summons 7 friendly demons
  3162 | Ossuary  | Reached skill level 5 in Fighting
  3193 | Ossuary  | Reached skill level 5 in Long Blades
  3193 | Ossuary  | Reached XP level 8. HP: 59/68 MP: 7/7
  3193 | Ossuary  | XOM: divination: detect items
  3281 | Ossuary  | Noticed a silent spectre
  3764 | D:4      | Noticed Duvessa
  3764 | D:4      | Noticed Dowan
  3768 | D:4      | XOM: enchant monster (bad)
  3771 | D:4      | XOM: summons friendly ufetubus
  3774 | D:4      | Killed Duvessa
  3775 | D:4      | Reached skill level 6 in Long Blades
  3780 | D:4      | XOM: summons 5 hostile demons
  3782 | D:4      | Killed Dowan
  3861 | D:4      | Found a staircase to the Ecumenical Temple.
  3909 | D:4      | XOM: summons 3 hostile demons
  3966 | D:4      | XOM: summons 1 hostile shadow creature
  4108 | D:5      | Entered Level 5 of the Dungeon
  4119 | D:5      | Found a hide-covered altar of Uskayaw.
  4213 | D:5      | XOM: enchant monster (bad)
  4352 | D:5      | Found a sparkling altar of Nemelex Xobeh.
  4352 | D:5      | XOM: cast spell 'Leda's Liquefaction'
  4437 | D:5      | XOM: enchant monster (bad)
  4442 | D:5      | Reached XP level 9. HP: 75/75 MP: 8/8
  4458 | D:5      | Reached skill level 7 in Long Blades
  4866 | D:6      | XOM: stealth player
  4886 | D:6      | Identified the +1 robe of the Nexus {rCorr Str+2 Stlth+}
  4921 | D:6      | Noticed Pikel
  4926 | D:6      | XOM: scenery: summon butterflies
  4930 | D:6      | Noticed Pikel
  4930 | D:6      | Pikel changed into Pikel the wyvern
  4930 | D:6      | XOM: polymorph Pikel -> Pikel the wyvern
  4933 | D:6      | XOM: summons friendly crimson imp
  4950 | D:6      | XOM: divination: detect items
  4951 | D:6      | Killed Pikel the wyvern
  5111 | D:6      | Noticed Grinder
  5112 | D:6      | Paralysed by something for 3 turns
  5126 | D:6      | Killed Grinder
  5351 | D:6      | XOM: noise
  5523 | D:6      | Found Paceat's Armour Boutique.
  5548 | D:6      | Reached skill level 8 in Long Blades
  5646 | D:6      | Found a shimmering blue altar of Sif Muna.
  5653 | D:6      | Found an iron altar of Okawaru.
  5666 | D:6      | Found Zoenn's Antique Armour Shoppe.
  5792 | D:6      | XOM: silly message
  5837 | D:6      | XOM: scenery: 1 doors open, 1 doors close
  5896 | D:6      | XOM: divination: detect items
  5906 | D:6      | XOM: fog
  6180 | D:7      | XOM: polymorph sky beast -> naga
  6186 | D:7      | Reached skill level 5 in Armour
  6338 | D:7      | XOM: noise
  6379 | D:7      | Reached skill level 9 in Long Blades
  6379 | D:7      | Reached XP level 10. HP: 76/86 MP: 9/9
  7113 | D:7      | XOM: silly message
  7363 | D:8      | XOM: summons 1 hostile demon
  7391 | D:8      | Found a flagged portal.
  7422 | Bailey   | Entered a bailey
  7454 | Bailey   | XOM: blink monster(s)
  7461 | Bailey   | XOM: confuse monster(s)
  7546 | Bailey   | Reached skill level 1 in Shields
  7566 | Bailey   | XOM: summons 10 friendly demons
  7568 | Bailey   | Reached skill level 10 in Long Blades
  7672 | Bailey   | Noticed an orc warlord
  7722 | Bailey   | XOM: 1-stop teleportation journey
  8220 | Bailey   | XOM: summons 2 friendly demons
  8509 | Bailey   | XOM: divination: magic mapping
  8568 | Bailey   | XOM: noise
  8583 | Bailey   | XOM: summons 3 friendly demons
  8589 | Bailey   | XOM: enchant monster (bad)
  8590 | Bailey   | XOM: butterfly on damage
  8593 | Bailey   | XOM: stat loss: -1 Str (24/26)
  8684 | Bailey   | Acquired the amulet "Zofruogu" {RegenMP Int+4 Dex+2 Slay+2}
  8881 | Bailey   | XOM: chaos cloud
  8882 | Bailey   | XOM: silly message
  8897 | Bailey   | Mangled by an orc warlord

Illustrated notes

Levels and vault maps discovered:
D:1:      minmay_arrival_stair_chambers, layout_loops_ring,
          shapermc_ecumenical_altar_mp_highgroup, minivault_23
D:2:      layout_loops_corners, hangedman_abyss_or_decor_lesser_grid,
          nicolae_titane, uniq_jessica
D:3:      layout_basic, grunt_decor_cap
D:4:      layout_rooms, temple_hall, lightli_ossuary_entry_decrepit_ruins,
          uniq_duvessa
D:5:      minmay_general_purpose_star, layout_loops_ring,
          nemelex_xobeh_ov_fountains_minmay, lemuel_tele_altar
D:6:      layout_layer_cave, mainiacjoe_overflow_tiny_flanked,
          mainiacjoe_overflow_alcove_1, serial_shops, nicolae_shop_behind_doors,
          nicolae_diamond_shop, uniq_grinder, uniq_pikel
D:7:      layout_loops_ring, minmay_ruffians
D:8:      layout_basic, enter_bailey_3, uniq_maggie, uniq_prince_ribbit1
Bailey:   bailey_axe_minmay_hex_keep, bailey

Skill      XL: |  1  2  3  4  5  6  7  8  9 10 |
---------------+-------------------------------+-----
Armour         | 2 3 5 |  5.5
Dodging        | 1 2 3 |  3.4
Fighting       | 4 5 6 7 8 |  8.1
Unarmed Combat | 4 |  4.3
Long Blades    | 1 2 3 5 6 9 10 | 10.4
Stealth        | 1 2 3 |  3.4
Shields        | 2 |  2.1
Throwing       | |  0.9

Action                   |  1- 3 |  4- 6 |  7- 9 | 10-12 || total
-------------------------+-------+-------+-------+-------++-------
Melee: Unarmed           |    80 |       |       |       ||    80
       Punch             |     1 |     3 |    10 |     4 ||    18
       Demon blade       |    13 |    63 |   318 |   199 ||   593
Throw: Dart              |       |       |     6 |    31 ||    37
       Boomerang         |       |       |       |     1 ||     1
Evoke: Piece from Xom's  |       |       |     1 |       ||     1
       Wand              |       |       |       |     8 ||     8
  Use: Scroll            |       |     7 |     5 |    10 ||    22
       Potion            |       |       |       |    13 ||    13
 Stab: Distracted        |       |       |     2 |       ||     2
Armor: Leather armour    |    42 |    30 |    63 |       ||   135
       Plate armour      |       |       |   192 |   114 ||   306
Dodge: Dodged            |    62 |    42 |   194 |    57 ||   355
Block: Tower shield      |       |       |       |   118 ||   118
